 Dungeon Crawl Stone Soup version 0.25.1-2-g60ff931df9 (webtiles) character file.

Game seed: 13581184464515631712

51 DildoBatman the Magician (level 4, -5/30 HPs)
             Began as a Formicid Wizard on Sept 11, 2020.
             Slain by Sigmund
             ... wielding a +0 scythe
              (10 damage)
             ... on level 2 of the Dungeon.
             The game lasted 00:02:42 (1392 turns).

DildoBatman the Magician (Formicid Wizard)          Turns: 1392, Time: 00:02:42

Health: -5/30      AC:  2    Str: 12    XL:     4   Next: 7%
Magic:  4/8        EV: 12    Int: 18    God:
Gold:   55         SH:  0    Dex:  9    Spells: 8/9 levels left

rFire    . . .     SeeInvis +   j - +0 short sword
rCold    . . .     Gourm    .   (no shield)
rNeg     . . .     Faith    .   a - +0 robe
rPois    .         Spirit   .   (helmet unavailable)
rElec    .         Reflect  .   (no cloak)
rCorr    .         Harm     .   (no gloves)
MR       .....                  (no boots)
Stlth    ++........             (no amulet)
HPRegen  0.10/turn              (no ring)
MPRegen  0.11/turn              (no ring)

@: no status effects
A: permanent stasis, dig shafts and tunnels, four strong arms, antennae 3
a: Dig, Shaft Self


You were on level 2 of the Dungeon.
You were not hungry.

You visited 1 branch of the dungeon, and saw 2 of its levels.

You collected 55 gold pieces.

Inventory:

Hand Weapons
 c - a +0 dagger
 f - a +0 hunting sling
 j - a +0 short sword (weapon)
Missiles
 d - 9 stones (quivered)
 e - 3 poisoned darts
Armour
 a - a +0 robe (worn)
Scrolls
 g - a scroll of amnesia {unknown}
 i - a scroll of fog {unknown}
Potions
 h - a potion of haste {unknown}
Comestibles
 b - a chunk of flesh
 v - 4 rations


   Skills:
 - Level 1.7 Dodging
 - Level 2.4 Stealth
 - Level 3.2 Spellcasting
 * Level 3.2 Conjurations
   Level 1.0 Summonings
   Level 0.8 Translocations


You had 8 spell levels left.
You knew the following spells:

 Your Spells              Type           Power        Failure   Level  Hunger
c - Magic Dart            Conj           ##..         4%          1    None

Your spell library contained the following spells:

 Spells                   Type           Power        Failure   Level  Hunger
 Call Imp                 Summ           #.......     16%         2    ##.....
 Slow                     Hex            #.......     24%         2    ##.....
 Conjure Flame            Conj/Fire      #.......     24%         3    ###....
 Mephitic Cloud           Conj/Pois/Air  #.......     30%         3    ###....
 Blink                    Tloc           Unusable     N/A         2    N/A

Dungeon Overview and Level Annotations

Branches:
Dungeon (2/15)

Altars:

Annotations:
D:2 Sigmund


Innate Abilities, Weirdness & Mutations

You cannot be hasted, slowed, berserked, paralysed or teleported.
You can dig through walls and to a lower floor.
Your four strong arms can wield two-handed weapons with a shield.
You have a pair of large antennae on your head. (SInv)


Message History

Unknown command.
What are your orders? t - Shout!
Orders for allies: a - Attack new target. r - Retreat! s - Stop attacking. g - Guard the area. f - Follow me.
Anything else - Cancel.
You shout for attention!
The kobold hits you.
Unknown command.
Unknown command.
What are your orders? t - Shout!
Orders for allies: a - Attack new target. r - Retreat! s - Stop attacking. g - Guard the area. f - Follow me.
Anything else - Cancel.
You shout for attention!
Sigmund hits you from afar with a +0 scythe!
You die...

########
#=.....####
###......#...
..........
#......#
#(...@.#
#..@K..#
+......'.$.
#......#...
#.†....# .
#......#.
#<........
##########


You could see Sigmund (invisible) and a kobold.

Vanquished Creatures
  An adder (D:2)
  2 dart slugs (D:1)
  3 leopard geckos (D:1)
  A ball python (D:1)
  6 bats (D:1)
  6 giant cockroaches
  2 goblins (D:1)
  2 hobgoblins (D:1)
  4 frilled lizards (D:1)
  4 kobolds (D:1)
  4 rats (D:1)
35 creatures vanquished.

Notes
Turn   | Place    | Note
-------+----------+-------------------------------------------
     0 | D:1      | DildoBatman the Formicid Wizard began the quest for the
                  | Orb.
     0 | D:1      | Reached XP level 1. HP: 13/13 MP: 4/4
    40 | D:1      | Reached skill level 1 in Conjurations
   221 | D:1      | Reached XP level 2. HP: 17/19 MP: 1/6
   611 | D:1      | Reached XP level 3. HP: 24/24 MP: 2/7
  1361 | D:2      | Reached XP level 4. HP: 30/30 MP: 0/8
  1367 | D:2      | Noticed Sigmund
  1392 | D:2      | Slain by Sigmund

Illustrated notes

Levels and vault maps discovered:
D:1:      dpeg_arrival_shelter, layout_basic, minmay_worlds_worst_comb
D:2:      layout_basic, gammafunk_temple_overflow_pools,
          uniq_crazy_yiuf_cottage, uniq_sigmund, uniq_jessica

Skill      XL: |  1  2  3 |
---------------+----------+-----
Conjurations   | 1 2 3 |  3.2
Dodging        | |  1.7
Stealth        | |  2.4
Spellcasting   | |  3.2
Summonings     | |  1.0
Translocations | |  0.8

Action                   |  1- 3 |  4- 6 || total
-------------------------+-------+-------++-------
Melee: Unarmed           |    14 |       ||    14
       Dagger            |    16 |       ||    16
 Cast: Magic Dart        |    80 |     1 ||    81
  Eat: Chunk             |     1 |       ||     1
Armor: Robe              |    16 |     3 ||    19
Dodge: Dodged            |    52 |    20 ||    72
